 Dungeon Crawl Stone Soup version 0.30.1-11-g7821555f0a (webtiles) character file.

Game seed: 14001705926430825997

106 Benefits7639 the Trooper (level 4, -2/41 HPs)
             Began as a Hill Orc Fighter on Dec 11, 2023.
             Succumbed to Sigmund's poison
             ... on level 2 of the Dungeon.
             The game lasted 00:10:15 (2003 turns).

Benefits7639 the Trooper (Hill Orc Fighter)         Turns: 2003, Time: 00:10:16

Health: -2/41      AC: 16    Str: 20    XL:     4   Next: 84%
Magic:  4/4        EV:  5    Int:  8    God:
Gold:   105        SH:  4    Dex: 10    Spells: 3/3 levels left

rFire   . . .        a - +0 war axe
rCold   . . .        c - +0 buckler
rNeg    . . .        i - +0 plate armour
rPois   .            d - +0 helmet
rElec   .            f - +0 cloak
rCorr   .            e - +0 pair of gloves
SInv    .            k - +0 pair of boots
Will    .....        (no amulet) Stlth
                     (no ring)
HPRegen 0.26/turn    (no ring)
MPRegen 0.09/turn

%: no passive effects
@: lethally poisoned (-2 -> -33), studying Throwing
A: no striking features
a: no special abilities


You were on level 2 of the Dungeon.
You visited 1 branch of the dungeon, and saw 2 of its levels.

You collected 105 gold pieces.

Inventory:

Hand Weapons
 a - a +0 war axe (weapon)
 b - a +0 mace
Missiles
 g - 32 stones (quivered)
Armour
 c - a +0 buckler (worn)
 d - a +0 helmet (worn)
 e - a +0 pair of gloves (worn)
 f - a +0 cloak (worn)
 i - a +0 plate armour (worn)
 k - a +0 pair of boots (worn)
Scrolls
 h - a scroll of identify


   Skills:
 + Level 4.5 Fighting
 + Level 4.3 Axes
 + Level 0.3(2.2) Maces & Flails
 + Level 4.0 Armour
 + Level 3.8 Shields


You had 3 spell levels left.
You didn't know any spells.
Your spell library was empty.

Dungeon Overview and Level Annotations

Branches:
Dungeon (2/15)

Altars:

Annotations:
D:2 Sigmund


Message History

Unknown command.
Unknown command.
The bat completely misses you.
A dart slug comes into view.
Unknown command.
You barely miss the bat. The bat hits you but does no damage.
Sigmund barely misses you. The bat hits you but does no damage.
You closely miss the bat. The bat barely misses you.
The bat hits you but does no damage.
Sigmund screams, "I am the angel of ZOT!!!"
Sigmund hits you but does no damage.
You are poisoned.
You slash the bat!
You kill the bat!
You feel very sick.
Sigmund hits you from afar with a +2 scythe of venom.
You are more poisoned.
You feel very sick.
You feel very sick.
You feel sick.
The dart slug bites you but does no damage.
You hit the dart slug but do no damage.
You feel sick.
Sigmund hits you from afar with a +2 scythe of venom.
You are more poisoned.
The dart slug launches a dart at you.
The slug dart hits you but does no damage.
You hit the dart slug.
The dart slug is heavily wounded.
You feel very sick.
Sigmund hits you from afar with a +2 scythe of venom!
* * * LOW HITPOINT WARNING * * *
You are more poisoned.
The dart slug bites you.
* * * LOW HITPOINT WARNING * * *
You aren't carrying any potions.
You aren't wearing any rings or amulets.
Okay, then.
You slash the dart slug!
You kill the dart slug!
You die...

#...#...#..#.####.......#.....#
#...+.........# #.####..#####..
#...#...##.#.####.####..######.
#...'...'..#.........#.....####
#...#...##^###.................
#...#...#### #.....#.#..##.##..
#####...# #.....#.#......'..
################.#.....##..
#...††@.####'##........
#.⌠##@##⌠?#....########. #.@
##.#....# #. #.⌠. #.#....# #.
#..> #.#....########. # #.⌠.
#.#............. #.##..
##.#.#########.## #.⌠#####⌠.#.#
#. #.......##.# . .


You could see Sigmund.

Vanquished Creatures
  Robin (D:2)
  5 adders (D:2)
  A worm (D:2)
  A dart slug (D:2)
  4 ball pythons
  An endoplasm (D:2)
  2 giant cockroaches
  11 goblins
  8 hobgoblins
  4 kobolds
  4 bats
  3 frilled lizards (D:2)
  A rat (D:1)
46 creatures vanquished.

Notes
Turn   | Place    | Note
-------+----------+-------------------------------------------
     0 | D:1      | Benefits7639 the Hill Orc Fighter began the quest for the
                  | Orb.
     0 | D:1      | Reached XP level 1. HP: 19/19 MP: 1/1
   135 | D:1      | Found a faded altar of an unknown god.
   316 | D:1      | Reached XP level 2. HP: 24/27 MP: 2/2
   680 | D:1      | Identified a scroll of acquirement
   680 | D:1      | Acquired a manual of Throwing
  1129 | D:2      | Reached XP level 3. HP: 33/33 MP: 3/3
  1274 | D:2      | Noticed Robin
  1290 | D:2      | Reached XP level 4. HP: 33/40 MP: 4/4
  1311 | D:2      | Killed Robin
  1992 | D:2      | Noticed Sigmund
  2003 | D:2      | Succumbed to Sigmund's poison

Illustrated notes

Levels and vault maps discovered:
D:1:      tarquinn_simple_flora_water_f, layout_basic,
          shapermc_ecumenical_altar_venn, kennysheep_boxes
D:2:      layout_basic, grunt_ministairs_11, uniq_sigmund, uniq_robin,
          uniq_crazy_yiuf_cottage

Skill      XL: |  1  2  3  4 |
---------------+-------------+-----
Fighting       | 4 |  4.5
Axes           | 3 4 |  4.3
Armour         | 4 |  4.0
Maces & Flails | |  0.3
Shields        | |  3.8

Action                     |  1- 3 |  4- 6 || total
---------------------------+-------+-------++-------
  Melee: War axe           |    67 |    24 ||    91
         Mace              |       |    57 ||    57
    Use: Scroll            |     5 |     1 ||     6
         Potion            |     1 |     2 ||     3
 Armour: Scale mail        |    10 |       ||    10
         Plate armour      |    28 |    78 ||   106
  Dodge: Dodged            |    34 |    20 ||    54
  Block: Buckler           |    21 |    17 ||    38
